 Dungeon Crawl Stone Soup version 0.19.5 (webtiles) character file.

2363 McKennaii the Thaumaturge (level 9, -3/46 HPs)
             Began as a Deep Elf Fire Elementalist on May 8, 2017.
             Was a Believer of Vehumet.
             Slain by a wyvern (13 damage)
             ... on level 8 of the Dungeon.
             The game lasted 00:25:01 (7501 turns).

McKennaii the Thaumaturge (DEFE)                    Turns: 7501, Time: 00:25:01

Health: -3/46      AC:  2    Str:  5    XL:     9   Next: 21%
Magic:  11/24      EV: 14    Int: 24    God:    Vehumet [**....]
Gold:   596        SH:  2    Dex: 17    Spells: 4 memorised, 16 levels left

rFire  . . .     SeeInvis .     (no weapon)
rCold  . . .     Gourm    .     a - +0 robe
rNeg   . . .     Faith    .     (no shield)
rPois  .         Spirit   .     (no helmet)
rElec  .         Reflect  +     (no cloak)
rCorr  .         Harm     .     (no gloves)
MR     .....                    (no boots)
Stlth  +++.......               p - +2 amulet of reflection
                                (no ring)
                                q - +2 ring of dexterity

@: no status effects
A: no striking features
a: Renounce Religion


You were on level 8 of the Dungeon.
You worshipped Vehumet.
Vehumet was pleased with you.
You were not hungry.

You visited 2 branches of the dungeon, and saw 9 of its levels.
You also visited: Ossuary.

You collected 596 gold pieces.

Inventory:

Armour
 a - a +0 robe (worn)
 P - a +3 leather armour
Jewellery
 p - a +2 amulet of reflection (around neck)
 q - a +2 ring of dexterity (left hand)
Wands
 v - a wand of slowing (38/48)
 I - a wand of paralysis (15/24)
 R - a wand of iceblast (7/15)
 U - a wand of disintegration (13/24)
Scrolls
 d - 3 scrolls of enchant weapon {unknown}
 e - 2 scrolls of magic mapping {unknown}
 i - 5 scrolls of identify {unknown}
 j - 6 scrolls of noise {unknown}
 l - 5 scrolls of teleportation {unknown}
 n - 4 scrolls of remove curse {unknown}
 t - 2 scrolls of recharging {unknown}
 y - a scroll of immolation {unknown}
 A - 2 scrolls of fog {unknown}
 B - a scroll of blinking {unknown}
 D - 2 scrolls of enchant armour {unknown}
 H - a scroll of random uselessness {unknown}
 S - a scroll of torment {unknown}
Potions
 f - 2 potions of resistance {unknown}
 h - 4 potions of curing {unknown}
 o - a potion of cancellation {unknown}
 r - a potion of heal wounds {unknown}
 s - 2 potions of brilliance {unknown}
 u - a potion of invisibility {unknown}
 C - 4 potions of lignification {unknown}
 E - 2 potions of magic {unknown}
 F - 2 potions of might {unknown}
 G - a potion of cure mutation {unknown}
 K - a potion of haste {unknown}
 L - a potion of degeneration {unknown}
 M - a potion of ambrosia {unknown}
 N - a potion of experience {unknown}
 O - a potion of berserk rage {unknown}
 Q - a potion of agility {unknown}
 T - a potion of flight {unknown}
Books
 b - a book of Flames

   Spells                             Type                      Level
   a - Flame Tongue                   Conjuration/Fire             1
   b - Throw Flame                    Conjuration/Fire             2
   c - Conjure Flame                  Conjuration/Fire             3
   d - Inner Flame                    Hexes/Fire                   3
   e - Sticky Flame                   Conjuration/Fire             4
   f - Fireball                       Conjuration/Fire             5
 w - a book of Minor Magic

   Spells                             Type                      Level
   a - Magic Dart                     Conjuration                  1
   b - Blink                          Translocation                2
   c - Call Imp                       Summoning                    2
   d - Repel Missiles                 Charms/Air                   2
   e - Slow                           Hexes                        2
   f - Conjure Flame                  Conjuration/Fire             3
   g - Mephitic Cloud                 Conjuration/Poison/Air       3
 J - a book of Callings

   Spells                             Type                      Level
   a - Summon Small Mammal            Summoning                    1
   b - Call Imp                       Summoning                    2
   c - Call Canine Familiar           Summoning                    3
   d - Summon Guardian Golem          Hexes/Summoning              3
   e - Summon Lightning Spire         Summoning/Air                4
   f - Summon Ice Beast               Ice/Summoning                4
 W - a book of Conjurations

   Spells                             Type                      Level
   a - Magic Dart                     Conjuration                  1
   b - Searing Ray                    Conjuration                  2
   c - Dazzling Spray                 Conjuration/Hexes            3
   d - Fulminant Prism                Conjuration/Hexes            4
   e - Iskenderun's Mystic Blast      Conjuration                  4
   f - Iskenderun's Battlesphere      Conjuration/Charms           5
Comestibles
 c - 8 bread rations
 g - 3 meat rations
 k - a royal jelly
 m - 10 beef jerkies
 x - 4 slices of pizza
 z - 5 fruits
 V - a chunk of flesh


   Skills:
 + Level 0.5 Fighting
 + Level 3.9 Dodging
 + Level 4.1 Stealth
 - Level 0.1 Unarmed Combat
 + Level 9.6 Spellcasting
 + Level 7.3 Conjurations
 + Level 7.9 Fire Magic


You had 16 spell levels left.
You knew the following spells:

 Your Spells              Type           Power        Failure   Level  Hunger
a - Flame Tongue          Conj/Fire      #####        1%          1    None
b - Throw Flame           Conj/Fire      #####.       1%          2    None
c - Conjure Flame         Conj/Fire      #####...     1%          3    None
f - Fireball              Conj/Fire      #####.....   8%          5    ####...


Dungeon Overview and Level Annotations

Branches:
Dungeon (8/15)             Temple (1/1) D:4
   Lair: D:8-11

Altars:
Ashenzari
Cheibriados
Dithmenos
Elyvilon
Fedhas
Gozag
Hepliaklqana
Kikubaaqudgha
Makhleb
Nemelex Xobeh
Okawaru
Qazlal
Sif Muna
Trog
Uskayaw
Vehumet
Xom
Yredelemnul
Zin
The Shining One

Annotations:
D:2 Sigmund


Message History

The wyvern is severely wounded.
The wyvern bites you. x2
Casting: Flame Tongue
Confirm with . or Enter, or press ? or * to list all spells.
Aiming: Flame Tongue
Press: ? - help, Shift-Dir - straight line, f/p - wyvern
Aim: a wyvern (severely wounded)
The flame tongue hits the wyvern.
The wyvern is almost dead.
The wyvern bites you!!
* * * LOW HITPOINT WARNING * * *
Casting: Flame Tongue
Confirm with . or Enter, or press ? or * to list all spells.
Aiming: Flame Tongue
Press: ? - help, Shift-Dir - straight line, f/p - wyvern
Aim: a wyvern (almost dead)
The flame tongue hits the wyvern.
The wyvern is almost dead.
The wyvern closely misses you. The wyvern bites you!
You die...

#.#.####(## #.#
#....###.# #.#
#..#..##.# #.#
#.....##.# #.#
#.###.##.#
#.###.##.#
#........#
##########.####
......l@...#
############


You could see a wyvern.

Vanquished Creatures
  A hungry ghost (D:7)
  The ghost of Salmoras the Skirmisher, an amateur DsWn of Hepliaklqana (D:3)
  A necrophage (D:8)
  A black bear (D:7)
  An orc warrior (D:7)
  4 ogres
  A phantom (D:7)
  A centaur (D:5)
  A big kobold (D:7)
  A bullfrog (D:7)
  A gnoll sergeant (D:5)
  A scorpion (D:5)
  4 wights (D:8)
  2 orc priests
  A centaur skeleton (D:5)
  A hound (D:8)
  5 orc wizards
  5 iguanas
  3 worker ants
  A killer bee zombie (D:7)
  A hound skeleton (D:7)
  9 mummies
  12 adders
  6 gnolls
  2 shadow imps
  An ooze (D:3)
  2 worms (D:2)
  6 leopard geckos
  26 orcs
  2 ball pythons (D:2)
  6 bats
  7 giant cockroaches
  A gnoll zombie (Ossuary)
  4 goblins
  8 hobgoblins
  7 jackals
  3 quokkas
  5 frilled lizards
  A giant cockroach zombie (D:5)
  11 kobolds
  A kobold zombie (Ossuary)
  6 orc zombies (Ossuary)
  A quokka skeleton (D:3)
  6 rats
171 creatures vanquished.

Vanquished Creatures (others)
  An orc (D:5)
1 creature vanquished.

Grand Total: 172 creatures vanquished

Notes
Turn   | Place    | Note
-------+----------+-------------------------------------------
     0 | D:1      | McKennaii the Deep Elf Fire Elementalist began the quest for the Orb.
     0 | D:1      | Reached XP level 1. HP: 10/10 MP: 6/6
    67 | D:1      | Reached XP level 2. HP: 12/15 MP: 0/8
   934 | D:2      | Reached XP level 3. HP: 19/19 MP: 3/10
  1031 | D:2      | Learned a level 2 spell: Throw Flame
  1035 | D:2      | Learned a level 3 spell: Conjure Flame
  1170 | D:2      | Found an ancient bone altar of Kikubaaqudgha.
  1189 | D:2      | Noticed Sigmund
  1536 | D:3      | Reached skill level 4 in Spellcasting
  1536 | D:3      | Reached XP level 4. HP: 24/24 MP: 8/12
  1782 | D:3      | Found an iron altar of Okawaru.
  2246 | D:3      | Reached XP level 5. HP: 20/28 MP: 5/14
  2402 | D:3      | Noticed Salmoras's ghost (amateur DsWn)
  2437 | D:3      | Killed Salmoras's ghost
  2437 | D:3      | Reached skill level 5 in Spellcasting
  2437 | D:3      | Reached XP level 6. HP: 32/32 MP: 0/16
  2612 | D:3      | You fall through a shaft for 2 floors!
  2612 | D:5      | Entered Level 5 of the Dungeon
  2622 | D:5      | Reached skill level 5 in Fire Magic
  2835 | D:5      | Reached skill level 6 in Spellcasting
  2962 | D:5      | Reached XP level 7. HP: 36/36 MP: 5/18
  2984 | D:5      | Found a sand-covered staircase.
  2992 | Ossuary  | Entered an ossuary
  3755 | D:4      | Reached skill level 7 in Spellcasting
  3809 | D:4      | Found a staircase to the Ecumenical Temple.
  3838 | Temple   | Entered the Ecumenical Temple
  3948 | Temple   | Became a worshipper of Vehumet
  3975 | D:4      | Reached skill level 5 in Conjurations
  4503 | D:5      | Reached XP level 8. HP: 31/41 MP: 13/21
  5631 | D:6      | Reached * piety under Vehumet
  5631 | D:6      | Offered knowledge of Shock by Vehumet.
  5830 | D:6      | Found a basalt altar of Yredelemnul.
  6280 | D:7      | Reached skill level 8 in Spellcasting
  6669 | D:7      | Found a shimmering altar of Xom.
  6804 | D:7      | Reached skill level 9 in Spellcasting
  6870 | D:7      | Learned a level 5 spell: Fireball
  6972 | D:7      | Reached XP level 9. HP: 46/46 MP: 14/24
  6979 | D:7      | Offered knowledge of Throw Frost by Vehumet.
  7179 | D:8      | Reached ** piety under Vehumet
  7501 | D:8      | Slain by a wyvern

Skill      XL: |  1  2  3  4  5  6  7  8  9 |
---------------+----------------------------+-----
Stealth        | 3 4 |  4.1
Conjurations   | 2 3 4 5 6 7 |  7.3
Spellcasting   | 4 5 6 7 9 |  9.6
Fire Magic     | 4 5 6 7 |  7.9
Dodging        | 3 |  3.9
Fighting       | |  0.5
Unarmed Combat | |  0.1

Action                   |  1- 3 |  4- 6 |  7- 9 || total
-------------------------+-------+-------+-------++-------
Melee: Unarmed           |       |       |    40 ||    40
 Cast: Flame Tongue      |    70 |    96 |   295 ||   461
       Conjure Flame     |       |     3 |     8 ||    11
       Throw Flame       |       |     8 |     5 ||    13
       Fireball          |       |       |     2 ||     2
  Eat: Chunk             |     1 |     4 |    14 ||    19
       Pizza             |       |     1 |       ||     1
Armor: Robe              |    10 |     1 |    12 ||    23
Dodge: Dodged            |    27 |    15 |    77 ||   119
Block: Other             |       |     2 |    13 ||    15
